Workbook

Sheet COG
A1: Nombre del ente público Estado Analítico del Ejercicio del Presupuesto de Egresos Clasificación por Objeto del Gasto (Capítulo y Concepto) Del 01 de enero al 30 de junio 2024
B2: Egresos | G2: Subejercicio
A3: Concepto | B3: Aprobado | C3: Ampliaciones/ (Reducciones) | D3: Modificado | E3: Devengado | F3: Pagado
B4: 1 | C4: 2 | D4: 3 = (1 + 2 ) | E4: 4 | F4: 5 | G4: 6 = ( 3 - 4 )
A5: Servicios Personales | B5: 91940558 | C5: 3358588 | D5: 95299146 | E5: 38721141 | F5: 38721141 | G5: 56578005
A6: Remuneraciones al Personal de Carácter Permanente | B6: 17910223 | C6: 1260076.3 | D6: 19170299 | E6: 7697237.6 | F6: 7697237.6 | G6: 11473061
A7: Remuneraciones al Personal de Carácter Transitorio | B7: 23831308 | C7: 163503.2 | D7: 23994811 | E7: 11375286 | F7: 11375286 | G7: 12619525
A8: Remuneraciones Adicionales y Especiales | B8: 9861254.2 | C8: 0 | D8: 9861254.2 | E8: 1279977.4 | F8: 1279977.4 | G8: 8581276.7
A9: Seguridad Social | B9: 16829688 | C9: 239648.94 | D9: 17069337 | E9: 8963393.8 | F9: 8963393.8 | G9: 8105942.9
A10: Otras Prestaciones Sociales y Económicas | B10: 22700086 | C10: 1695359.5 | D10: 24395445 | E10: 8630000 | F10: 8630000 | G10: 15765445
A11: Previsiones | B11: 0 | C11: 0 | D11: 0 | E11: 0 | F11: 0 | G11: 0
A12: Pago de Estímulos a Servidores Públicos | B12: 808000 | C12: 0 | D12: 808000 | E12: 775246.44 | F12: 775246.44 | G12: 32753.56
A13: Materiales y Suministros | B13: 2566998.7 | C13: 593624.96 | D13: 3160623.7 | E13: 763130.79 | F13: 617671.12 | G13: 2397492.9
A14: Materiales de Administración, Emisión de Documentos y Artículos Oficiales | B14: 877091.8 | C14: 108998.7 | D14: 986090.5 | E14: 135125.42 | F14: 70221.41 | G14: 850965.08
A15: Alimentos y Utensilios | B15: 124672.7 | C15: 17579.29 | D15: 142251.99 | E15: 49784.11 | F15: 49784.11 | G15: 92467.88
A16: Materias Primas y Materiales de Producción y Comercialización | B16: 0 | C16: 23781.3 | D16: 23781.3 | E16: 0 | F16: 0 | G16: 23781.3
... A77: Total del Gasto | B77: 1.1593024e+08 | C77: 10953301 | D77: 1.2688354e+08 | E77: 48563896 | F77: 47727985 | G77: 78319644
A79: “Bajo protesta de decir verdad declaramos que los Estados Financieros y sus notas, son razonablemente correctos y son responsabilidad del emisor”
A84: M. en C. Andrés Salvador Casillas Barajas | F84: MAE. Loth Mariano Pérez Camacho
A85: Encargado de Rectoría de la Universidad Tecnológica del Norte de Guanajuato | F85: Encargado de la Dirección de Administración y Finanzas de la Universidad Tecnológica del Norte de Guanajuato

Sheet CTG
A1: Nombre del ente público Estado Analítico del Ejercicio del Presupuesto de Egresos Clasificación Económica (por Tipo de Gasto) Del 01 de enero al 30 de junio 2024
B2: Egresos | G2: Subejercicio
A3: Concepto | B3: Aprobado | C3: Ampliaciones/ (Reducciones) | D3: Modificado | E3: Devengado | F3: Pagado
B4: 1 | C4: 2 | D4: 3 = (1 + 2 ) | E4: 4 | F4: 5 | G4: 6 = ( 3 - 4 )
A6: Gasto Corriente | B6: 1.1576924e+08 | C6: 8135576.7 | D6: =B6+C6 -> 1.2390482e+08 | E6: 47609779 | F6: 47250927 | G6: =D6-E6 -> 76295036
A8: Gasto de Capital | B8: 161000 | C8: 2817724.7 | D8: =B8+C8 -> 2978724.7 | E8: 954116.38 | F8: 477058.19 | G8: =D8-E8 -> 2024608.3
A10: Amortización de la Deuda y Disminución de Pasivos | B10: 0 | C10: 0 | D10: =B10+C10 -> 0 | E10: 0 | F10: 0 | G10: =D10-E10 -> 0
A12: Pensiones y Jubilaciones | B12: 0 | C12: 0 | D12: =B12+C12 -> 0 | E12: 0 | F12: 0 | G12: =D12-E12 -> 0
A14: Participaciones | B14: 0 | C14: 0 | D14: =B14+C14 -> 0 | E14: 0 | F14: 0 | G14: =D14-E14 -> 0
A16: Total del Gasto | B16: =SUM(B6:B14) -> 1.1593024e+08 | C16: =SUM(C6:C14) -> 10953301 | D16: =SUM(D6:D14) -> 1.2688354e+08 | E16: =SUM(E6:E14) -> 48563896 | F16: =SUM(F6:F14) -> 47727985 | G16: =SUM(G6:G14) -> 78319644
A18: Bajo protesta de decir verdad declaramos que los Estados Financieros y sus notas, son razonablemente correctos y son responsabilidad del emisor.
A27: M. en C. Andrés Salvador Casillas Barajas | E27: MAE. Loth Mariano Pérez Camacho
A28: Encargado de Rectoría de la Universidad Tecnológica del Norte de Guanajuato | E28: Encargado de la Dirección de Administración y Finanzas de la Universidad Tecnológica del Norte de Guanajuato

Sheet CA
A1: Ente Público Estado Analítico del Ejercicio del Presupuesto de Egresos Clasificación Administrativa Del 01 de enero al 30 de junio 2024
B3: Egresos | G3: Subejercicio
A4: Concepto | B4: Aprobado | C4: Ampliaciones/ (Reducciones) | D4: Modificado | E4: Devengado | F4: Pagado
B5: 1 | C5: 2 | D5: 3 = (1 + 2 ) | E5: 4 | F5: 5 | G5: 6 = ( 3 - 4 )
A7: 21121300701000 | B7: 10269087 | C7: 575144.5 | D7: =B7+C7 -> 10844232 | E7: 4026168.2 | F7: 3975419.9 | G7: =D7-E7 -> 6818063.8
A8: 21121300701020 21121300701000 | B8: 5810177.4 | C8: 984828.37 | D8: =B8+C8 -> 6795005.8 | E8: 2097490.5 | F8: 2036370.5 | G8: =D8-E8 -> 4697515.3
A9: 21121300702000 21121300701020 2112130070 | B9: 34407268 | C9: 6034174.7 | D9: =B9+C9 -> 40441443 | E9: 15191330 | F9: 14491012 | G9: =D9-E9 -> 25250113
A10: 21121300703000 21121300702000 2112130070 | B10: 64035188 | C10: 3359153.8 | D10: =B10+C10 -> 67394342 | E10: 26651252 | F10: 26627528 | G10: =D10-E10 -> 40743089
A11: 211213007A1000 21121300703000 2112130070 | B11: 1408517.6 | C11: 0 | D11: =B11+C11 -> 1408517.6 | E11: 597655.21 | F11: 597655.21 | G11: =D11-E11 -> 810862.41
A12: Dependencia o Unidad Administrativa 7 | B12: 0 | C12: 0 | D12: =B12+C12 -> 0 | E12: 0 | F12: 0 | G12: =D12-E12 -> 0
A13: Dependencia o Unidad Administrativa 8 | B13: 0 | C13: 0 | D13: =B13+C13 -> 0 | E13: 0 | F13: 0 | G13: =D13-E13 -> 0
A14: Dependencia o Unidad Administrativa xx | B14: 0 | C14: 0 | D14: =B14+C14 -> 0 | E14: 0 | F14: 0 | G14: =D14-E14 -> 0
A16: Total del Gasto | B16: =SUM(B7:B15) -> 1.1593024e+08 | C16: =SUM(C7:C15) -> 10953301 | D16: =B16+C16 -> 1.2688354e+08 | E16: =SUM(E7:E14) -> 48563896 | F16: =SUM(F7:F14) -> 47727985 | G16: =D16-E16 -> 78319644
A19: Gobierno (Federal/Estatal/Municipal) de __________________________ Estado Analítico del Ejercicio del Presupuesto de Egresos Clasificación Administrativa Del 01 de enero al 30 de junio 2024
B21: Egresos | G21: Subejercicio
A22: Concepto | B22: Aprobado | C22: Ampliaciones/ (Reducciones) | D22: Modificado | E22: Devengado | F22: Pagado
B23: 1 | C23: 2 | D23: 3 = (1 + 2 ) | E23: 4 | F23: 5 | G23: 6 = ( 3 - 4 )
A25: Poder Ejecutivo
A26: Poder Legislativo | C26: No aplica
A27: Poder Judicial
A28: Órganos Autónomos
A30: Total del Gasto
A33: Sector Paraestatal del Gobierno (Federal/Estatal/Municipal) de ______________________ Estado Analítico del Ejercicio del Presupuesto de Egresos Clasificación Administrativa Del 01 de enero al 30 de junio 2024
B34: Egresos | G34: Subejercicio
A35: Concepto | B35: Aprobado | C35: Ampliaciones/ (Reducciones) | D35: Modificado | E35: Devengado | F35: Pagado
B36: 1 | C36: 2 | D36: 3 = (1 + 2 ) | E36: 4 | F36: 5 | G36: 6 = ( 3 - 4 )
A38: Entidades Paraestatales y Fideicomisos No Empresariales y No Financieros | B38: 1.1593024e+08 | C38: 10953301 | D38: =B38+C38 -> 1.2688354e+08 | E38: 48563896 | F38: 47727985 | G38: =D38-E38 -> 78319644
A40: Instituciones Públicas de la Seguridad Social | B40: 0 | C40: 0 | D40: =B40+C40 -> 0 | E40: 0 | F40: 0 | G40: =D40-E40 -> 0
A42: Entidades Paraestatales Empresariales No Financieras con Participación Estatal Mayoritaria | B42: 0 | C42: 0 | D42: =B42+C42 -> 0 | E42: 0 | F42: 0 | G42: =D42-E42 -> 0
A44: Fideicomisos Empresariales No Financieros con Participación Estatal Mayoritaria | B44: 0 | C44: 0 | D44: =B44+C44 -> 0 | E44: 0 | F44: 0 | G44: =D44-E44 -> 0
A46: Entidades Paraestatales Empresariales Financieras Monetarias con Participación Estatal Mayoritaria | B46: 0 | C46: 0 | D46: =B46+C46 -> 0 | E46: 0 | F46: 0 | G46: =D46-E46 -> 0
A48: Entidades Paraestatales Finanacieras No Monetarias con Participacion Estatal Mayoritaria | B48: 0 | C48: 0 | D48: =B48+C48 -> 0 | E48: 0 | F48: 0 | G48: =D48-E48 -> 0
A50: Fideicomisos Financieros Públicos con Participación Estatal Mayoritaria | B50: 0 | C50: 0 | D50: =B50+C50 -> 0 | E50: 0 | F50: 0 | G50: =D50-E50 -> 0
A52: Total del Gasto | B52: =SUM(B38:B50) -> 1.1593024e+08 | C52: =SUM(C38:C50) -> 10953301 | D52: =B52+C52 -> 1.2688354e+08 | E52: =SUM(E38:E50) -> 48563896 | F52: =SUM(F38:F50) -> 47727985 | G52: =D52-E52 -> 78319644
A54: Bajo protesta de decir verdad declaramos que los Estados Financieros y sus notas, son razonablemente correctos y son responsabilidad del emisor.
A58: M. en C. Andrés Salvador Casillas Barajas | E58: MAE. Loth Mariano Pérez Camacho
A59: Encargado de Rectoría de la Universidad Tecnológica del Norte de Guanajuato | E59: Encargado de la Dirección de Administración y Finanzas de la Universidad Tecnológica del Norte de Guanajuato

Sheet CFG
A1: Nombre del Ente Público Estado Analítico del Ejercicio del Presupuesto de Egresos Clasificación Funcional (Finalidad y Función) Del 01 de enero al 30 de junio
B2: Egresos | G2: Subejercicio
A3: Concepto | B3: Aprobado | C3: Ampliaciones/ (Reducciones) | D3: Modificado | E3: Devengado | F3: Pagado
B4: 1 | C4: 2 | D4: 3 = (1 + 2 ) | E4: 4 | F4: 5 | G4: 6 = ( 3 - 4 )
A6: Gobierno | B6: =SUM(B7:B15) -> 53327910 | C6: =SUM(C7:C15) -> 4928985.6 | D6: =SUM(D7:D15) -> 58256895 | E6: =SUM(E7:E15) -> 21853753 | F6: =SUM(F7:F15) -> 21477593 | G6: =SUM(G7:G15) -> 36403142
A7: Legislación | B7: 0 | C7: 0 | D7: 0 | E7: 0 | F7: 0 | G7: 0
A8: Justicia | B8: 0 | C8: 0 | D8: 0 | E8: 0 | F8: 0 | G8: 0
A9: Coordinación de la Política de Gobierno | B9: =115930238.38*0.46 -> 53327910 | C9: 4928985.6 | D9: =+B9+C9 -> 58256895 | E9: =CA!F38*45% -> 21853753 | F9: =CA!G38*45% -> 21477593 | G9: =D9-E9 -> 36403142
A10: Relaciones Exteriores | B10: 0 | C10: 0 | D10: 0 | E10: 0 | F10: 0 | G10: 0
A11: Asuntos Financieros y Hacendarios | B11: 0 | C11: 0 | D11: 0 | E11: 0 | F11: 0 | G11: 0
A12: Seguridad Nacional | B12: 0 | C12: 0 | D12: 0 | E12: 0 | F12: 0 | G12: 0
A13: Asuntos de Orden Público y de Seguridad Interior | B13: 0 | C13: 0 | D13: 0 | E13: 0 | F13: 0 | G13: 0
A14: Otros Servicios Generales | B14: 0 | C14: 0 | D14: 0 | E14: 0 | F14: 0 | G14: 0
A16: Desarrollo Social | B16: =SUM(B17:B23) -> 62602329 | C16: =SUM(C17:C23) -> 6024315.8 | D16: =SUM(D17:D23) -> 68626645 | E16: =SUM(E17:E23) -> 26710143 | F16: =SUM(F17:F23) -> 26250392 | G16: =SUM(G17:G23) -> 41916502
A17: Protección Ambiental | B17: 0 | C17: 0 | D17: 0 | E17: 0 | F17: 0 | G17: 0
A18: Vivienda y Servicios a la Comunidad | B18: 0 | C18: 0 | D18: 0 | E18: 0 | F18: 0 | G18: 0
A19: Salud | B19: 0 | C19: 0 | D19: 0 | E19: 0 | F19: 0 | G19: 0
A20: Recreación, Cultura y Otras Manifestaciones Sociales | B20: 0 | C20: 0 | D20: 0 | E20: 0 | F20: 0 | G20: 0
A21: Educación | B21: =115930238.38*0.54 -> 62602329 | C21: =CA!D16*55% -> 6024315.8 | D21: =+B21+C21 -> 68626645 | E21: =CA!F38*55% -> 26710143 | F21: =CA!G38*55% -> 26250392 | G21: =D21-E21 -> 41916502
A22: Protección Social | B22: 0 | C22: 0 | D22: 0 | E22: 0 | F22: 0 | G22: 0
A23: Otros Asuntos Sociales | B23: 0 | C23: 0 | D23: 0 | E23: 0 | F23: 0 | G23: 0
A25: Desarrollo Económico | B25: 0 | C25: 0 | D25: 0 | E25: 0 | F25: 0 | G25: 0
A26: Asuntos Económicos, Comerciales y Laborales en General | B26: 0 | C26: 0 | D26: 0 | E26: 0 | F26: 0 | G26: 0
A27: Agropecuaria, Silvicultura, Pesca y Caza | B27: 0 | C27: 0 | D27: 0 | E27: 0 | F27: 0 | G27: 0
A28: Combustibles y Energía | B28: 0 | C28: 0 | D28: 0 | E28: 0 | F28: 0 | G28: 0
A29: Minería, Manufacturas y Construcción | B29: 0 | C29: 0 | D29: 0 | E29: 0 | F29: 0 | G29: 0
A30: Transporte | B30: 0 | C30: 0 | D30: 0 | E30: 0 | F30: 0 | G30: 0
A31: Comunicaciones | B31: 0 | C31: 0 | D31: 0 | E31: 0 | F31: 0 | G31: 0
A32: Turismo | B32: 0 | C32: 0 | D32: 0 | E32: 0 | F32: 0 | G32: 0
A33: Ciencia, Tecnología e Innovación | B33: 0 | C33: 0 | D33: 0 | E33: 0 | F33: 0 | G33: 0
A34: Otras Industrias y Otros Asuntos Económicos | B34: 0 | C34: 0 | D34: 0 | E34: 0 | F34: 0 | G34: 0
... A40: Adeudos de Ejercicios Fiscales Anteriores | B40: 0 | C40: 0 | D40: 0 | E40: 0 | F40: 0 | G40: 0
A42: Total del Gasto | B42: =B6+B16+B25+B36 -> 1.1593024e+08 | C42: =C6+C16+C25+C36 -> 10953301 | D42: =D6+D16+D25+D36 -> 1.2688354e+08 | E42: =E6+E16+E25+E36 -> 48563896 | F42: =F6+F16+F25+F36 -> 47727985 | G42: =G6+G16+G25+G36 -> 78319644
A45: Bajo protesta de decir verdad declaramos que los Estados Financieros y sus notas, son razonablemente correctos y son responsabilidad del emisor.
A51: M. en C. Andrés Salvador Casillas Barajas | E51: MAE. Loth Mariano Pérez Camacho
A52: Encargado de Rectoría de la Universidad Tecnológica del Norte de Guanajuato | E52: Encargado de la Dirección de Administración y Finanzas de la Universidad Tecnológica del Norte de Guanajuato
